 Dungeon Crawl Stone Soup version 0.31-a0-675-g238779eb0a (webtiles) character file.

Game seed: 9614423582813205447

81 qw the Shooter (level 4, -2/28 HPs)
             Began as a Gargoyle Hunter on Sept 5, 2023.
             Killed by nerve-wracking pain
             ... invoked by an orc priest
              (5 damage)
             ... on level 2 of the Dungeon.
             The game lasted 00:00:34 (790 turns).

qw the Shooter (Gargoyle Hunter)                     Turns: 790, Time: 00:00:34

Health: -2/28      AC:  6    Str: 15    XL:     4   Next: 40%
Magic:  4/4        EV: 11    Int:  9    God:
Gold:   93         SH:  0    Dex: 15    Spells: 3/3 levels left

rFire   . . .        Y - +0 shortbow
rCold   . . .        (shield currently unavailable)
rNeg    + . .        c - +0 leather armour
rPois   inf          (no helmet)
rElec   +            (no cloak)
rCorr   +            (no gloves)
SInv    .            (no boots)
Will    .....        (no amulet)
Stlth   ++           f - ring of resist corrosion
HPRegen 0.24/turn    (no ring)
MPRegen 0.09/turn

%: no passive effects
@: no status effects
A: sickness immunity, AC +3, negative energy resistance 1, electricity
resistance, torment resistance 1, petrification resistance
a: no special abilities


You were on level 2 of the Dungeon.
You visited 1 branch of the dungeon, and saw 2 of its levels.

You collected 93 gold pieces.


Innate Abilities, Weirdness & Mutations

You are immune to sickness and miasma.
Your stone body is resilient. (AC +3)
You are immune to poison.
You resist negative energy. (rN+)
You are resistant to electric shocks. (rElec)
You are resistant to unholy torment.
You are immune to petrification.


   Skills:
 - Level 3.2 Fighting
 + Level 5.3 Ranged Weapons
 - Level 1.5 Dodging
 - Level 1.1 Stealth


You had 3 spell levels left.
You didn't know any spells.
Your spell library was empty.

Inventory:

Hand Weapons
 Y - a +0 shortbow (weapon)
Armour
 c - a +0 leather armour (worn)
Jewellery
 b - a ring of protection from cold
 f - a ring of resist corrosion (left hand)
Scrolls
 a - 2 scrolls of identify
Potions
 d - a potion of curing

Dungeon Overview and Level Annotations

Branches:
Dungeon (2/15)

Altars:


Message History

The orc priest closely misses you. The orc hits you but does no damage.
You shoot an arrow.
The arrow closely misses the orc priest.
The arrow barely misses the orc.
The orc hits you but does no damage.
Enter note:
782 |||
Found retreat position at 2,0 (floor) with 0 blocking monsters and 1 monsters attacking at destination at distance 2
782 ||| Stepping ~*~*~tactically~*~*~ (retreating).
The orc closely misses you.
Enter note:
783 |||
Found retreat position at 1,0 (floor) with 0 blocking monsters and 2 monsters attacking at destination at distance 1
783 ||| Stepping ~*~*~tactically~*~*~ (retreating).
You shoot an arrow. The arrow hits the orc priest.
The orc priest is almost dead.
The orc priest hits you with a +0 flail.
You shoot an arrow. The arrow hits the orc.
The orc is almost dead.
The orc misses you.
You shoot an arrow. The arrow hits the orc.
You kill the orc!
You shoot an arrow.
The arrow hits the orc priest but does no damage.
The orc priest is almost dead.
The orc priest hits you with a +0 flail.
The orc hits you but does no damage.
You shoot an arrow.
The arrow hits the orc priest but does no damage.
The orc priest is almost dead.
The orc priest looks braver for a moment.
The orc misses you.
You shoot an arrow. The arrow barely misses the orc priest.
The arrow completely misses the orc.
The orc priest hits you with a +0 flail!
The orc barely misses you.
You shoot an arrow.
The arrow closely misses the orc priest.
The arrow closely misses the orc.
The orc priest calls down the wrath of Beogh upon you.
Pain shoots through your body!
You die...

#.#.#................
#.#.#######......#.#
#.#................#
..#########...#..#.
### #...<........# #
...###.#.....#.# #
..............# #
#####.....#####.# #
#....oo@....# #
####.o####### #
.)oo.....# #
#.#.######.# # #.#
#.# #####.# #.#
....#.# #.# ....#.#
#.# ....#.# .#


You could see an orc priest and 2 orcs.

Vanquished Creatures
  An adder (D:2)
  3 gnolls (D:2)
  A dart slug (D:1)
  An orc (D:2)
  8 bats
  3 endoplasms
  A giant cockroach (D:1)
  2 goblins (D:1)
  4 hobgoblins
  5 kobolds
  2 quokkas
  2 ball pythons
  5 frilled lizards
  3 rats (D:1)
41 creatures vanquished.

Notes
Turn   | Place    | Note
-------+----------+-------------------------------------------
     0 | D:1      | qw the Gargoyle Hunter began the quest for the Orb.
     0 | D:1      | Reached XP level 1. HP: 12/12 MP: 1/1
     0 | D:1      | 0 ||| qw: Version: 0.3-a-75-g829b12e
     0 | D:1      | 0 ||| qw: Game counter: 129
     0 | D:1      | 0 ||| qw: Melee chars always use a shield: true
     0 | D:1      | 0 ||| qw: God list: Okawaru
     0 | D:1      | 0 ||| qw: Allow faded altars: false
     0 | D:1      | 0 ||| qw: Do Orc after clearing Dungeon:15 true
     0 | D:1      | 0 ||| qw: Do second Lair branch before Depths: true
     0 | D:1      | 0 ||| qw: Lair rune preference: random
     0 | D:1      | 0 ||| qw: Goals: Normal
     0 | D:1      | 0 ||| PLANNING D:1-11
   118 | D:1      | Reached XP level 2. HP: 17/17 MP: 2/2
   476 | D:1      | Reached XP level 3. HP: 21/21 MP: 3/3
   483 | D:1      | Reached skill level 5 in Ranged Weapons
   519 | D:1      | 519 ||| UPGRADING to ring of resist corrosion.
   520 | D:1      | 520 ||| READING 4 scrolls labelled CAL ZAIHAIMOOWK.
   521 | D:1      | 521 ||| READING 3 scrolls of identify.
   521 | D:1      | 521 ||| IDENTIFYING murky brown potion
   522 | D:1      | 522 ||| DROPPING scroll of butterflies.
   687 | D:2      | Reached skill level 3 in Fighting
   687 | D:2      | Reached XP level 4. HP: 28/28 MP: 4/4
   776 | D:2      | 776 ||| Stepping ~*~*~tactically~*~*~ (retreating).
   782 | D:2      | 782 ||| Stepping ~*~*~tactically~*~*~ (retreating).
   783 | D:2      | 783 ||| Stepping ~*~*~tactically~*~*~ (retreating).
   789 | D:2      | HP: 3/28 [orc priest/+0 flail (7)]
   790 | D:2      | Killed from afar by an orc priest

Levels and vault maps discovered:
D:1:      lightli_arrival_windingriver, layout_rooms
D:2:      layout_basic, grunt_decor_arrowhead

Skill      XL: |  1  2  3 |
---------------+----------+-----
Ranged Weapons | 5 |  5.3
Fighting       | 3 |  3.2
Dodging        | |  1.5
Stealth        | |  1.1

Action                     |  1- 3 |  4- 6 || total
---------------------------+-------+-------++-------
   Fire: Shortbow          |   138 |    29 ||   167
    Use: Scroll            |     2 |       ||     2
 Armour: Leather armour    |    34 |    12 ||    46
  Dodge: Dodged            |    51 |    10 ||    61

Table legend:
 A = Non-vault XP
 B = Vault XP
 C = Vault XP percentage of total XP
 D = Non-vault monster count
 E = Vault monster count
 F = Vault count percentage of total count
                 A         B        C        D         E       F
            +---------+---------+-------+---------+---------+-------
      Total |     116 |       0 |   0.0 |      41 |       0 |   0.0
            +---------+---------+-------+---------+---------+-------
        D:1 |      43 |       0 |   0.0 |      28 |       0 |   0.0
        D:2 |      73 |       0 |   0.0 |      13 |       0 |   0.0
            +---------+---------+-------+---------+---------+-------
